[Event "Titled Tuesday Blitz June 13 Early 2023"]
[White "Garakov, Mikhael"]
[Black "Fus, Jakub"]
[WhiteFideId "4169034"]
[BlackFideId "1193023"]
[WhiteElo "2347"]
[BlackElo "2335"]
[Result "1/2-1/2"]
[Round "7"]
[TimeControl "180+2"]
[Date "2023.06.13"]
[WhiteClock "0:00:06"]
[BlackClock "0:00:07"]
[Board "70"]

1. e4 c6 2. d4 d5 3. exd5 cxd5 4. Bd3 Nc6 5. c3 Nf6 6. h3 e5 7. dxe5 Nxe5 8. Be2 Bd6 9. Nf3 O-O 10. O-O h6 11. Nbd2 Bf5 12. Nb3 Nc4 13. Nbd4 Be4 14. Nd2 Nxd2 15. Bxd2 Bc7 16. Bf3 Qd6 17. g3 Qd7 18. Bg2 Rfe8 19. Qc1 Bxg2 20. Kxg2 Re4 21. f3 Re7 22. Bf4 Rae8 23. Rf2 Bb6 24. g4 Nh7 25. Qd2 Nf8 26. Rd1 Ne6 27. Bg3 Nxd4 28. cxd4 f6 29. Qd3 Re3 30. Qg6 Qf7 31. Qxf7+ Kxf7 32. Rfd2 Rc8 33. Bf2 Re6 34. Kf1 f5 35. Re2 Rxe2 36. Kxe2 Rc2+ 37. Rd2 Rxd2+ 38. Kxd2 Kf6 39. Bh4+ Ke6 40. Bf2 g6 41. Kd3 h5 42. Bg3 fxg4 43. fxg4 Kf6 44. Bh4+ Ke6 45. Bg3 Ba5 46. Bf4 Bd8 47. a3 Bh4 48. Be3 Bg3 49. Ke2 Bc7 50. Kd3 hxg4 51. hxg4 Ba5 52. Ke2 Kd7 53. Kd3 Kc6 54. b3 Kb5 55. Kc2 Bc7 56. Bd2 Bg3 57. Kd3 Bf2 58. a4+ Kc6 59. Bc1 b5 60. Bd2 bxa4 61. bxa4 Kb6 62. Bc3 Bg1 63. Bd2 Bh2 64. Bc3 Bf4 65. Be1 Kc6 66. Bb4 Kc7 67. Bc3 Kd7 68. Be1 Kd6 69. Bb4+ Ke6 70. Be1 Kf7 71. Bh4 Bd6 72. Be1 Kf6 73. Bh4+ Ke6 74. Be1 Kd7 75. Bd2 Kc6 76. Be1 Bc7 77. Bd2 Kd7 78. Be1 Ke6 79. Bd2 Kf6 80. Be3 Ba5 81. Ke2 Bc3 82. Kd3 Bb4 83. Ke2 Bd6 84. Kd3 Ke6 85. Ke2 Kd7 86. Kd3 Kc6 87. Bd2 Kd7 88. Ke2 Ke6 89. Kf3 Bc7 90. Be3 Kf6 91. Ke2 Ba5 92. Kd3 Bb4 93. Ke2 Ke6 94. Kd3 Kd7 95. Ke2 Kc6 96. Kd3 Kb6 97. Kc2 Ka5 98. Kb3 Be1 99. Bf4 Kb6 100. Be3 Ba5 101. Kc2 a6 102. Kd3 Kc6 103. Kc2 Be1 104. Kd3 Kb6 105. Kc2 Ka5 106. Kb3 Kb6 107. Kc2 Kb7 108. Kb3 Kc6 109. Kc2 Kc7 110. Kd3 Kb6 111. Kc2 1/2-1/2


[Site "https://www.chess.com"]

[Event "Titled Tuesday Blitz June 13 Early 2023"]
[White "Ciorgovean, Iustin"]
[Black "Ajay Karthikeyan"]
[WhiteFideId "1242911"]
[BlackFideId "35011685"]
[WhiteElo "2186"]
[BlackElo "2321"]
[Result "1/2-1/2"]
[Round "7"]
[TimeControl "180+2"]
[Date "2023.06.13"]
[WhiteClock "0:01:20"]
[BlackClock "0:00:41"]
[Board "71"]

1. e4 e5 2. Nf3 Nc6 3. Bc4 Bc5 4. c3 Nf6 5. d3 d6 6. Nbd2 a6 7. Bb3 Ba7 8. h3 h6 9. Nf1 Be6 10. Ng3 O-O 11. O-O d5 12. Qe2 Re8 13. exd5 Bxd5 14. Ne4 Bxb3 15. axb3 Nd5 16. Ng3 Nf4 17. Qe4 Qxd3 18. Bxf4 Qxe4 19. Nxe4 exf4 20. Rfe1 Rad8 21. Kf1 f5 22. Ned2 g5 23. Nc4 Kg7 24. Rxe8 Rxe8 25. Rd1 Kf6 26. Rd7 Re7 27. Rxe7 Kxe7 28. Nfe5 Nxe5 29. Nxe5 Bc5 30. f3 Ke6 31. Nd3 Bd6 32. Ke2 Kd5 33. Ne1 a5 34. Kd3 c6 35. Nc2 Bc5 36. Ne1 b5 37. Nc2 Bf2 38. b4 a4 39. Na3 Be1 40. Nc2 Bf2 41. Na3 Bb6 42. Kc2 g4 43. Kd3 h5 44. Nb1 c5 45. Na3 c4+ 46. Kd2 Be3+ 47. Kd1 Kc6 48. Kc2 Kb6 49. Kd1 Bf2 50. Kc2 Bh4 51. Kd1 Be7 52. Ke2 Kc6 53. Kd2 Bd8 54. Ke2 Bb6 55. Kd2 Be3+ 56. Kd1 Kb6 57. Kc2 g3 58. Kd1 h4 59. Kc2 Kc6 60. Kd1 Bb6 61. Kc2 Bd8 62. Kd1 Bf6 63. Kc2 Be5 64. Kd1 Bd6 65. Kc2 Bb8 66. Kd1 Ba7 67. Kc2 Bf2 68. Kd1 Kb6 69. Kc2 Be3 70. Kd1 Kc6 71. Kc2 Ba7 72. Kd1 Bb8 73. Kc2 Be5 74. Kd1 Bh8 75. Kc2 Bg7 76. Kd1 Bf6 77. Kc2 Bd8 78. Kd1 Bb6 79. Kc2 Bc7 80. Kd1 Be5 81. Kc2 Kb6 82. Kd1 Ka6 83. Kc2 1/2-1/2


[Site "https://www.chess.com"]

[Event "Titled Tuesday Blitz June 13 Early 2023"]
[White "Yelisieiev, Yevhenii"]
[Black "De Silva, L M S T"]
[WhiteFideId "14139642"]
[BlackFideId "9953698"]
[WhiteElo "2403"]
[BlackElo "2395"]
[Result "1-0"]
[Round "7"]
[TimeControl "180+2"]
[Date "2023.06.13"]
[WhiteClock "0:00:20"]
[BlackClock "0:00:23"]
[Board "72"]

1. d4 Nf6 2. Nf3 e6 3. c4 b6 4. e3 Bb7 5. Bd3 Be7 6. Nc3 O-O 7. e4 d5 8. e5 Ne4 9. Qc2 Nc6 10. Bxe4 dxe4 11. Qxe4 Na5 12. Qd3 c5 13. d5 Nxc4 14. Qxc4 exd5 15. Qg4 Kh8 16. O-O d4 17. Ne4 Qd5 18. Re1 Rae8 19. Bg5 Bxg5 20. Nexg5 h6 21. Ne4 c4 22. Nd6 d3 23. Qxc4 d2 24. Red1 Qxc4 25. Nxc4 Bxf3 26. gxf3 b5 27. Ne3 Rxe5 28. Rxd2 Rfe8 29. Rad1 R8e6 30. Rd5 a5 31. Rxe5 Rxe5 32. Rd5 Re8 33. Rxb5 f5 34. Rxf5 g5 35. Rxa5 g4 36. fxg4 h5 37. Rxh5+ Kg7 38. a4 Re6 39. a5 Rc6 40. Rb5 Rf6 41. Rb6 Rf7 42. a6 Rf8 43. a7 Ra8 44. Ra6 Kh7 45. b4 Kg7 46. b5 Rg8 47. a8=Q Rf8 48. Ra7+ Kg6 49. Qxf8 1-0


[Site "https://www.chess.com"]

[Event "Titled Tuesday Blitz June 13 Early 2023"]
[White "Kubicka, Anna"]
[Black "Domingo Nunez, Alejandro"]
[WhiteFideId "1152254"]
[BlackFideId "22245561"]
[WhiteElo "2144"]
[BlackElo "2291"]
[Result "0-1"]
[Round "7"]
[TimeControl "180+2"]
[Date "2023.06.13"]
[WhiteClock "0:00:00"]
[BlackClock "0:00:06"]
[Board "73"]

1. e4 g6 2. d4 Bg7 3. Be3 c6 4. h4 d5 5. e5 h5 6. Nf3 Bg4 7. Nbd2 Nh6 8. Be2 Nf5 9. Ng5 Bxe2 10. Qxe2 e6 11. O-O-O Qa5 12. Kb1 Qa6 13. c4 c5 14. Nb3 cxd4 15. Nxd4 Nxd4 16. Bxd4 Nc6 17. Qf3 O-O 18. cxd5 exd5 19. g4 hxg4 20. Qxg4 Qc4 21. h5 Nb4 22. a3 Qa2+ 23. Kc1 Qc4+ 24. Kb1 Qa2+ 25. Kc1 Rac8+ 26. Kd2 Rc2+ 27. Ke1 Qc4 28. hxg6 Nd3+ 29. Rxd3 Rc1+ 30. Rd1 Rxd1+ 31. Qxd1 f6 32. Ne6 Re8 33. Nxg7 Kxg7 34. Bc3 d4 35. Qh5 Rxe5+ 36. Qxe5 fxe5 37. Rh4 Qd3 38. Bd2 Kxg6 39. Rg4+ Kf5 40. Rg3 Qb1+ 41. Ke2 Ke4 0-1


[Site "https://www.chess.com"]

[Event "Titled Tuesday Blitz June 13 Early 2023"]
[White "Ovetchkin, Roman"]
[Black "feuervogel1000000"]
[WhiteFideId "4119991"]
[WhiteElo "2398"]
[BlackElo "2512"]
[Result "0-1"]
[Round "7"]
[TimeControl "180+2"]
[Date "2023.06.13"]
[WhiteClock "0:00:54"]
[BlackClock "0:01:52"]
[Board "74"]

1. d4 Nf6 2. c4 e6 3. g3 d5 4. Bg2 Be7 5. Nf3 O-O 6. Qc2 c6 7. O-O a5 8. Nbd2 a4 9. Rd1 Qa5 10. e4 Nxe4 11. Nxe4 dxe4 12. Qxe4 Nd7 13. Bd2 Qf5 14. Qxf5 exf5 15. b3 Nf6 16. Re1 Ne4 17. Be3 Bb4 18. Rec1 Be6 19. Ng5 Nxg5 20. Bxg5 h6 21. Be3 Rfd8 22. a3 axb3 23. Rcb1 Bc3 0-1


[Site "https://www.chess.com"]

[Event "Titled Tuesday Blitz June 13 Early 2023"]
[White "Fiorito, Joaquin"]
[Black "kuanysh1981"]
[WhiteFideId "180173"]
[WhiteElo "2199"]
[BlackElo "2511"]
[Result "1-0"]
[Round "7"]
[TimeControl "180+2"]
[Date "2023.06.13"]
[WhiteClock "0:01:15"]
[BlackClock "0:00:05"]
[Board "75"]

1. d4 Nf6 2. c4 e6 3. Nc3 Bb4 4. e3 O-O 5. Bd2 c5 6. a3 Bxc3 7. Bxc3 Ne4 8. Ne2 b6 9. d5 Bb7 10. Rc1 exd5 11. cxd5 d6 12. Ng3 Nxc3 13. Rxc3 Nd7 14. Be2 Re8 15. e4 Nf6 16. f3 a6 17. a4 Qd7 18. Qb3 Qc7 19. O-O Rab8 20. Qc2 Bc8 21. b4 Qd8 22. b5 a5 23. Bc4 h5 24. Re3 h4 25. Nh1 Nh5 26. f4 Qf6 27. e5 Qh6 28. Qf2 Bf5 29. Qxh4 dxe5 30. Rxe5 Rxe5 31. fxe5 Qe3+ 32. Qf2 Qxe5 33. Qxf5 Qd4+ 34. Nf2 Nf4 35. Qe4 Qd2 36. Rd1 Qb4 37. Qxf4 Re8 38. d6 Kf8 39. Qxf7# 1-0


[Site "https://www.chess.com"]

[Event "Titled Tuesday Blitz June 13 Early 2023"]
[White "Wadsworth, Matthew J"]
[Black "Kielinkei"]
[WhiteFideId "415804"]
[WhiteElo "2347"]
[BlackElo "2490"]
[Result "1-0"]
[Round "7"]
[TimeControl "180+2"]
[Date "2023.06.13"]
[WhiteClock "0:00:49"]
[BlackClock "0:00:05"]
[Board "76"]

1. Nf3 d5 2. g3 Nf6 3. Bg2 c6 4. c4 e6 5. b3 Bd6 6. d4 O-O 7. Bb2 Nbd7 8. O-O b6 9. Nfd2 Bb7 10. e4 dxe4 11. Nxe4 Nxe4 12. Bxe4 Nf6 13. Bg2 Qc8 14. Nc3 c5 15. d5 exd5 16. Nb5 Be7 17. cxd5 Rd8 18. d6 Bxg2 19. Kxg2 Qc6+ 20. Qf3 Qxf3+ 21. Kxf3 Bxd6 22. Bxf6 gxf6 23. Rad1 Be5 24. Rxd8+ Rxd8 25. Nxa7 Ra8 26. Nc6 Rxa2 27. Ke4 Rb2 28. f4 Bc3 29. Rf3 Bb4 30. Nxb4 cxb4 31. h3 Rc2 32. Rd3 Rc3 33. Rxc3 bxc3 34. Kd3 Kf8 35. Kxc3 Ke7 36. Kc4 Kd6 37. Kb5 Kc7 38. g4 Kb7 39. f5 h6 40. h4 Kc7 41. Ka6 Kd6 42. Kxb6 Ke5 43. b4 Kf4 44. Kc5 Kxg4 45. b5 Kxh4 46. b6 Kg3 47. b7 h5 48. b8=Q+ 1-0


[Site "https://www.chess.com"]

[Event "Titled Tuesday Blitz June 13 Early 2023"]
[White "LangesNasenhaar"]
[Black "Kumsiashvili, Nikoloz"]
[BlackFideId "13600621"]
[WhiteElo "2475"]
[BlackElo "2299"]
[Result "0-1"]
[Round "7"]
[TimeControl "180+2"]
[Date "2023.06.13"]
[WhiteClock "0:00:15"]
[BlackClock "0:00:24"]
[Board "77"]

1. d4 Nf6 2. Nc3 d5 3. Bf4 c6 4. e3 Bf5 5. Nf3 e6 6. Ne5 Nbd7 7. g4 Bg6 8. h4 h5 9. Nxg6 fxg6 10. gxh5 gxh5 11. Be2 Qe7 12. Qd3 O-O-O 13. O-O-O e5 14. Bg5 e4 15. Qd2 Kb8 16. f3 Qe6 17. fxe4 dxe4 18. a3 Nb6 19. Rdf1 Be7 20. Kb1 Nfd5 21. Nxd5 cxd5 22. Rhg1 Ka8 23. Qd1 Bxg5 24. Rxg5 g6 25. Rfg1 Rd6 26. Qe1 Rc8 27. Rxg6 Qxg6 28. Rxg6 Rxg6 29. Bxh5 Rg2 30. Bd1 Rcg8 31. Ka2 Nc4 32. h5 Rg1 33. Qe2 R8g2 34. h6 Rxe2 35. h7 Rh2 0-1


[Site "https://www.chess.com"]

[Event "Titled Tuesday Blitz June 13 Early 2023"]
[White "krucki03"]
[Black "Sourath Biswas"]
[BlackFideId "35091484"]
[WhiteElo "2471"]
[BlackElo "2171"]
[Result "1/2-1/2"]
[Round "7"]
[TimeControl "180+2"]
[Date "2023.06.13"]
[WhiteClock "0:00:03"]
[BlackClock "0:00:05"]
[Board "78"]

1. e4 c6 2. Nf3 d5 3. Nc3 Bg4 4. h3 Bxf3 5. Qxf3 e6 6. Be2 Nf6 7. d4 dxe4 8. Nxe4 Qxd4 9. Nxf6+ Qxf6 10. Qb3 Qe7 11. O-O Qc7 12. a4 a5 13. Be3 Nd7 14. Rad1 Be7 15. Bf3 O-O 16. Rfe1 Rad8 17. c3 b6 18. Qc4 Ne5 19. Qf4 Nxf3+ 20. Qxf3 Rd5 21. c4 Rdd8 22. Qe4 Bb4 23. Rf1 c5 24. Bf4 Qe7 25. Be5 Rxd1 26. Rxd1 Rd8 27. Rxd8+ Qxd8 28. Qc6 h6 29. Qd6 Qxd6 30. Bxd6 f5 31. Bc7 Kf7 32. Bxb6 e5 33. f3 Ke6 34. Kf2 g6 35. Bc7 h5 36. Ke2 Kf6 37. Bd8+ Ke6 38. Bg5 Kd7 39. g4 Ke6 40. gxh5 gxh5 41. Be3 Kd7 42. Bg5 Ke6 43. Bh4 Kd7 44. Ke3 Ke6 45. Bf2 Kd6 46. b3 Ke6 47. Kd3 Kd6 48. Bh4 Ke6 49. Bg5 Kd6 50. Bh6 Ke6 51. Bf8 Kd7 52. Ke2 Ke6 53. Kf2 Kd7 54. Bh6 Ke6 55. Be3 Kd6 56. Kf1 Ke6 57. Bf2 Kd6 58. Kg2 f4 59. Kf1 Ke6 60. Ke2 Kf5 61. Kd3 Ba3 62. Be1 Bb4 63. Bxb4 cxb4 64. c5 Ke6 65. Ke4 h4 66. c6 Kd6 67. c7 Kxc7 68. Kxe5 Kc6 69. Kxf4 Kd5 70. Kg5 Kd4 71. f4 Kc3 72. f5 Kxb3 73. f6 Kxa4 74. f7 b3 75. f8=Q b2 76. Qf5 Kb3 77. Qb1 a4 78. Qd1+ Kc3 79. Kxh4 a3 80. Qf3+ Kc2 81. Qxa3 b1=Q 82. Qg3 Kd2 83. Qg5+ Ke2 84. Qg4+ Kf2 85. Kg5 Qh7 86. h4 Qg8+ 87. Kf4 Qh8 88. h5 Ke1 89. Kg5 Qg7+ 90. Kh4 Qf6+ 91. Qg5 Qd4+ 92. Qg4 Qf6+ 93. Kh3 Qf1+ 94. Kg3 Qg1+ 95. Kf4 Qd4+ 96. Kg5 Qe5+ 97. Kh6 Qh8+ 98. Kg5 Qg7+ 99. Kf5 Qd7+ 100. Kf4 Qd4+ 101. Kg3 Qg1+ 102. Kh3 Qh1+ 103. Kg3 Qg1+ 1/2-1/2


[Site "https://www.chess.com"]

[Event "Titled Tuesday Blitz June 13 Early 2023"]
[White "Garcia Cuenca, Victor"]
[Black "Moral Garcia, Serafin"]
[WhiteFideId "2250829"]
[BlackFideId "2201925"]
[WhiteElo "2329"]
[BlackElo "2274"]
[Result "1-0"]
[Round "7"]
[TimeControl "180+2"]
[Date "2023.06.13"]
[WhiteClock "0:00:03"]
[BlackClock "0:00:01"]
[Board "79"]

1. Nf3 Nf6 2. g3 g6 3. Bg2 Bg7 4. O-O O-O 5. b3 c5 6. Bb2 Nc6 7. c4 d6 8. d4 Ne4 9. Nbd2 Bf5 10. e3 Nxd2 11. Qxd2 Be4 12. d5 Bxb2 13. Qxb2 Nb8 14. Nd2 Bxg2 15. Kxg2 Nd7 16. e4 e6 17. f4 exd5 18. exd5 Re8 19. Rae1 Qf6 20. Qc2 Qd4 21. Ne4 Nf6 22. Nxd6 Rxe1 23. Rxe1 Ng4 24. Qe2 h5 25. h3 Nh6 26. Qe5 Qd2+ 27. Re2 Qd1 28. Ne8 Nf5 29. Nf6+ Kf8 30. g4 Nd4 31. Rf2 hxg4 32. hxg4 b5 33. cxb5 Nxb5 34. f5 Qd4 35. Nd7+ Kg8 36. Qxd4 cxd4 37. fxg6 fxg6 38. Ne5 Rd8 39. Nxg6 Kg7 40. Nf4 Rd6 41. Rd2 Kf6 42. Kf3 Ke5 43. Re2+ Kf6 44. Rh2 Kf7 45. Ke4 Ra6 46. Rh7+ Kg8 47. Rb7 Nc3+ 48. Kxd4 Nxa2 49. Ke5 Nc3 50. g5 Nd1 51. g6 Ne3 52. Ne6 Ng4+ 53. Kf4 Nf6 54. Rb8+ 1-0


[Site "https://www.chess.com"]

[Event "Titled Tuesday Blitz June 13 Early 2023"]
[White "Lopez Idarraga, Daniel Eduardo"]
[Black "Pastar, Slaven"]
[WhiteFideId "4405501"]
[BlackFideId "14402718"]
[WhiteElo "1980"]
[BlackElo "2219"]
[Result "0-1"]
[Round "7"]
[TimeControl "180+2"]
[Date "2023.06.13"]
[WhiteClock "0:01:44"]
[BlackClock "0:00:55"]
[Board "80"]

1. d4 e6 2. Bf4 b6 3. e3 Bb7 4. Nf3 Nf6 5. Nbd2 Be7 6. h3 O-O 7. Bd3 c5 8. O-O Nc6 9. c3 a6 10. Qe2 d6 11. Rad1 Re8 12. dxc5 bxc5 13. e4 d5 14. Ne5 Nxe5 15. Bxe5 Qb6 16. exd5 exd5 17. Rfe1 Bd6 18. f4 c4+ 19. Bd4 Rxe2 20. Bxb6 cxd3 0-1


[Site "https://www.chess.com"]

[Event "Titled Tuesday Blitz June 13 Early 2023"]
[White "Zhukov, Maksim"]
[Black "Thecourseoisildur"]
[WhiteFideId "34181790"]
[WhiteElo "1925"]
[BlackElo "2591"]
[Result "0-1"]
[Round "7"]
[TimeControl "180+2"]
[Date "2023.06.13"]
[WhiteClock "0:01:02"]
[BlackClock "0:01:18"]
[Board "81"]

1. d4 Nf6 2. Bf4 c5 3. e3 Qb6 4. Nc3 d6 5. dxc5 Qxc5 6. Nf3 g6 7. Qd4 Qa5 8. Bb5+ Bd7 9. Bxd7+ Nbxd7 10. Qa4 Qxa4 11. Nxa4 Nd5 12. Bg3 b5 13. Nc3 Nxc3 14. bxc3 Bg7 15. Nd4 a6 16. O-O O-O 17. a4 bxa4 18. Rxa4 Nc5 19. Ra3 a5 20. Rfa1 a4 21. Nc6 Bf6 22. Nb4 Ra7 23. Nd5 Ra6 24. Nxf6+ exf6 25. Rd1 Rb8 26. Bxd6 Rxd6 27. Rxd6 Rb1+ 0-1


[Site "https://www.chess.com"]

[Event "Titled Tuesday Blitz June 13 Early 2023"]
[White "Andreassen, Lars"]
[Black "ATM622"]
[WhiteFideId "1504878"]
[WhiteElo "2119"]
[BlackElo "2586"]
[Result "1/2-1/2"]
[Round "7"]
[TimeControl "180+2"]
[Date "2023.06.13"]
[WhiteClock "0:01:04"]
[BlackClock "0:01:46"]
[Board "82"]

1. d4 Nf6 2. Nf3 d5 3. Bg5 e6 4. e3 c5 5. c4 Nc6 6. cxd5 exd5 7. Nc3 Be7 8. dxc5 O-O 9. Be2 Be6 10. O-O Bxc5 11. Rc1 Be7 12. a3 h6 13. Bh4 Rc8 14. Nd4 Ne5 15. h3 a6 16. Re1 Ng6 17. Bg3 Bd6 18. Bxd6 Qxd6 19. Bf3 Ne5 20. Be2 Nc4 21. Bxc4 Rxc4 22. Re2 Rfc8 23. Rec2 b5 24. b3 R4c7 25. Nce2 Rxc2 26. Rxc2 Qxa3 27. Nxe6 Rxc2 28. Qxc2 fxe6 29. Qc8+ Kh7 30. Qxe6 Qxb3 31. Qf5+ Kg8 32. Qe6+ Kf8 33. Qc8+ Kf7 34. Nd4 Qb1+ 35. Kh2 Qb2 36. Qe6+ Kg6 37. Qf5+ Kf7 38. Qe6+ Kg6 39. Qf5+ Kf7 40. Qe6+ 1/2-1/2


[Site "https://www.chess.com"]

[Event "Titled Tuesday Blitz June 13 Early 2023"]
[White "Hayrapetyan, Hovik"]
[Black "Chernomordik, Pavel"]
[WhiteFideId "13302639"]
[BlackFideId "2804530"]
[WhiteElo "2348"]
[BlackElo "2193"]
[Result "0-1"]
[Round "7"]
[TimeControl "180+2"]
[Date "2023.06.13"]
[WhiteClock "0:00:00"]
[BlackClock "0:00:02"]
[Board "83"]

1. d4 g6 2. h4 Nf6 3. h5 Nxh5 4. e4 d6 5. g4 Nf6 6. f3 c5 7. dxc5 Qa5+ 8. Nc3 Qxc5 9. g5 Nh5 10. Nge2 Bg7 11. Qd3 Nc6 12. Be3 Qa5 13. f4 Bg4 14. Rh4 Bd7 15. a3 Rc8 16. Bg2 b5 17. Qxb5 Qxb5 18. Nxb5 Bxb2 19. Rb1 Bg7 20. Bf3 Rb8 21. Nc7+ Kd8 22. Rxb8+ Nxb8 23. Nd5 Nc6 24. Bxh5 gxh5 25. Rxh5 Bg4 26. Rh4 Bf3 27. Ng3 e6 28. Nb4 Nxb4 29. axb4 Bc3+ 30. Bd2 Bd4 31. c3 Bb6 32. Nh5 Bxe4 33. Nf6 Bf5 34. Ke2 Ke7 35. Be3 Rc8 36. Bxb6 axb6 37. Kd2 d5 38. Rh1 d4 39. cxd4 Rc4 40. Ke3 Rxb4 41. Rc1 Kd6 42. Rc8 Rb3+ 43. Ke2 b5 44. Rd8+ Kc7 45. Rd7+ Kc6 46. Rxf7 Rh3 47. d5+ exd5 48. Ng8 Bg4+ 49. Kd2 d4 50. Nf6 Be6 51. Ne8 Bxf7 0-1


[Site "https://www.chess.com"]

[Event "Titled Tuesday Blitz June 13 Early 2023"]
[White "Cruz Mendez, Jean Marco"]
[Black "Klukin, Kirill"]
[WhiteFideId "3526402"]
[BlackFideId "24199273"]
[WhiteElo "2064"]
[BlackElo "2344"]
[Result "0-1"]
[Round "7"]
[TimeControl "180+2"]
[Date "2023.06.13"]
[WhiteClock "0:00:09"]
[BlackClock "0:00:18"]
[Board "84"]

1. e4 c5 2. Nf3 Nc6 3. Nc3 g6 4. d4 cxd4 5. Nxd4 Bg7 6. Be3 Nf6 7. Bc4 O-O 8. Bb3 Re8 9. O-O d6 10. f3 Na5 11. Qd2 b6 12. Rad1 Ba6 13. Rfe1 Rc8 14. Bh6 Bh8 15. Qg5 Nxb3 16. axb3 Qc7 17. Qh4 Qc5 18. Be3 Qh5 19. Qf2 Bb7 20. Nde2 Nd7 21. Ra1 a6 22. Bxb6 Nxb6 23. Qxb6 Rb8 24. Qf2 Qe5 25. Red1 Rec8 26. Ra4 Qe6 27. Nd4 Qd7 28. Rd2 Bg7 29. Ra1 h5 30. Rad1 Qc7 31. Nde2 Bc6 32. h3 Qb7 33. Rd3 a5 34. Nf4 a4 35. Nxa4 Bxa4 36. bxa4 Qxb2 37. Nd5 Rxc2 38. R1d2 Rxd2 39. Rxd2 Qa1+ 40. Kh2 e6 41. Ne7+ Kh7 42. Nc6 Rb1 43. Ra2 Qc3 44. Rc2 Be5+ 45. g3 Qa3 46. f4 Bg7 47. a5 Ra1 48. Qe2 Qa4 49. e5 dxe5 50. fxe5 Qb3 51. Ne7 Qb1 52. Qf3 Qg1# 0-1


[Site "https://www.chess.com"]

[Event "Titled Tuesday Blitz June 13 Early 2023"]
[White "Aradhya, Garg"]
[Black "Rodchenkov, Sergey D."]
[WhiteFideId "25006746"]
[BlackFideId "4168712"]
[WhiteElo "2263"]
[BlackElo "2277"]
[Result "1-0"]
[Round "7"]
[TimeControl "180+2"]
[Date "2023.06.13"]
[WhiteClock "0:02:16"]
[BlackClock "0:00:40"]
[Board "85"]

1. d4 d5 2. c4 dxc4 3. Nf3 Nf6 4. e3 a6 5. Bxc4 e6 6. O-O c5 7. Re1 Nbd7 8. Nc3 b5 9. Bd3 Bb7 10. a3 Be7 11. e4 cxd4 12. Nxd4 Ne5 13. Bf4 Nxd3 14. Qxd3 Nh5 15. Be5 f6 16. Qh3 fxe5 17. Qxh5+ g6 18. Qxe5 O-O 19. Nxe6 Bf6 20. Nxd8 Bxe5 21. Nxb7 a5 22. Nxb5 Rab8 23. N7d6 Bxb2 24. Rad1 Rf4 25. a4 Kf8 26. g3 Rf3 27. Re3 Rf6 28. e5 Re6 29. f4 Ke7 30. Nc4 1-0


[Site "https://www.chess.com"]

[Event "Titled Tuesday Blitz June 13 Early 2023"]
[White "Berezin, Viktor"]
[Black "benny_aizenberg"]
[WhiteFideId "14107872"]
[WhiteElo "2310"]
[BlackElo "2695"]
[Result "1-0"]
[Round "7"]
[TimeControl "180+2"]
[Date "2023.06.13"]
[WhiteClock "0:00:21"]
[BlackClock "0:00:03"]
[Board "86"]

1. d4 Nf6 2. Nf3 e6 3. g3 b5 4. Bg2 Bb7 5. O-O c5 6. a4 b4 7. c3 bxc3 8. bxc3 Be7 9. a5 O-O 10. Bf4 d6 11. dxc5 d5 12. c4 dxc4 13. Qxd8 Rxd8 14. Na3 c3 15. Nb5 Na6 16. Bd6 Kf8 17. Rfc1 Nxc5 18. Bxe7+ Kxe7 19. Rxc3 Nfe4 20. Rc2 a6 21. Nc3 Rac8 22. Rb1 Ba8 23. Ne5 f6 24. Nc4 Nxc3 25. Rxc3 Bxg2 26. Kxg2 Ne4 27. Rcc1 Rc7 28. Nb6 Rxc1 29. Rxc1 Kd6 30. Nc4+ Kc7 31. Nd2+ Kb7 32. Nxe4 Rd5 33. Nc5+ Ka7 34. Nxe6 Rxa5 35. Nxg7 Re5 36. e3 Kb6 37. g4 a5 38. Nf5 a4 39. Nd4 Rd5 40. Kf3 Ka5 41. Ke4 Rd7 42. Kd3 Kb4 43. Rb1+ Ka3 44. Ra1+ Kb4 45. Kc2 a3 46. Rb1+ Kc4 47. Rb8 Ra7 48. Kb1 a2+ 49. Ka1 Kd3 50. Rb2 Ke4 51. Rxa2 Rg7 52. h3 h5 53. Ra3 hxg4 54. hxg4 Rh7 55. f3+ Kd5 56. Kb2 Kc4 57. Rc3+ Kb4 58. Rc2 Rb7 59. Kc1 Ka3 60. Kd2 Rb6 61. Kd3 Rb1 62. Ke4 Re1 63. Rc3+ Kb2 64. Rb3+ Ka2 65. Kf5 Rh1 66. Kxf6 Rh6+ 67. Kf5 Ka1 68. Rb8 Ka2 69. g5 Ra6 70. g6 Ra5+ 71. Kf6 Ra6+ 72. Ne6 Ra7 73. g7 Ra3 74. g8=Q Rxe3 75. Qg2+ Ka1 76. Qb2# 1-0


[Site "https://www.chess.com"]

[Event "Titled Tuesday Blitz June 13 Early 2023"]
[White "Gomes, Luiz Alexandre de Souza"]
[Black "Mohammad Fahad, Rahman"]
[WhiteFideId "2102790"]
[BlackFideId "10207791"]
[WhiteElo "2509"]
[BlackElo "2339"]
[Result "0-1"]
[Round "7"]
[TimeControl "180+2"]
[Date "2023.06.13"]
[WhiteClock "0:00:22"]
[BlackClock "0:02:40"]
[Board "87"]

1. e4 c6 2. d4 d5 3. Nc3 dxe4 4. Nxe4 Bf5 5. Ng3 Bg6 6. h4 h6 7. Nh3 Nf6 8. Nf4 Bh7 9. c3 Nbd7 10. Bc4 e5 11. Qe2 Qe7 12. dxe5 Nxe5 13. Bb3 Bd3 14. Qe3 Nfg4 0-1


[Site "https://www.chess.com"]

[Event "Titled Tuesday Blitz June 13 Early 2023"]
[White "Pham, Le Thao Nguyen"]
[Black "Itgelt, Khuyagtsogt"]
[WhiteFideId "12401226"]
[BlackFideId "4902912"]
[WhiteElo "2286"]
[BlackElo "2227"]
[Result "0-1"]
[Round "7"]
[TimeControl "180+2"]
[Date "2023.06.13"]
[WhiteClock "0:00:00"]
[BlackClock "0:01:02"]
[Board "88"]

1. d4 Nf6 2. c4 g6 3. Nc3 d5 4. cxd5 Nxd5 5. e4 Nxc3 6. bxc3 Bg7 7. Be3 c5 8. Rc1 O-O 9. Bc4 Nc6 10. Ne2 cxd4 11. cxd4 Qa5+ 12. Qd2 Qxd2+ 13. Kxd2 Rd8 14. d5 Ne5 15. Bb3 Ng4 16. h3 Nxe3 17. Kxe3 Bh6+ 18. f4 e6 19. dxe6 Bxe6 20. Bxe6 fxe6 21. e5 Rd5 22. Rhd1 Rxe5+ 23. Kf3 Ra5 24. Rc7 Ra3+ 25. Kg4 Rxa2 26. Ng3 Rf8 27. Rd4 Rf2 28. h4 R2xf4+ 29. Rxf4 Rxf4+ 30. Kh3 Rf7 31. Rc8+ Kg7 32. Ne4 Bf4 33. g3 Be5 34. Ng5 Re7 35. h5 h6 36. Ne4 gxh5 37. Kh4 Rc7 0-1


[Site "https://www.chess.com"]

[Event "Titled Tuesday Blitz June 13 Early 2023"]
[White "Aarav Dengla"]
[Black "Zochowski, Kacper"]
[WhiteFideId "45059756"]
[BlackFideId "1125494"]
[WhiteElo "2288"]
[BlackElo "2235"]
[Result "0-1"]
[Round "7"]
[TimeControl "180+2"]
[Date "2023.06.13"]
[WhiteClock "0:00:00"]
[BlackClock "0:01:37"]
[Board "89"]

1. e4 d6 2. d4 Nf6 3. Nc3 e5 4. Nf3 Nbd7 5. Be3 Be7 6. Bc4 O-O 7. h3 c6 8. Qd2 b5 9. Bb3 b4 10. Ne2 Nxe4 11. Qd3 Nef6 12. dxe5 dxe5 13. Qc4 Qc7 14. Ng3 Nb6 15. Qe2 Nbd5 16. Bd2 a5 17. Qxe5 Bd6 18. Qf5 Bxf5 19. Nxf5 Rfe8+ 20. Kf1 Bf4 21. Bxf4 Qxf4 22. N5d4 Ne4 23. Rd1 Ne3+ 24. fxe3 Qxe3 25. Bxf7+ Kh8 0-1


[Site "https://www.chess.com"]

[Event "Titled Tuesday Blitz June 13 Early 2023"]
[White "Taboas Rodriguez, Daniel"]
[Black "Miranda, Rafael"]
[WhiteFideId "2208466"]
[BlackFideId "130990"]
[WhiteElo "2365"]
[BlackElo "2204"]
[Result "0-1"]
[Round "7"]
[TimeControl "180+2"]
[Date "2023.06.13"]
[WhiteClock "0:00:02"]
[BlackClock "0:00:22"]
[Board "90"]

1. d4 Nf6 2. Nf3 g6 3. c4 Bg7 4. Nc3 c6 5. e4 O-O 6. e5 Ne8 7. Bd3 d6 8. exd6 Nxd6 9. O-O Bg4 10. Be3 Nd7 11. h3 Bf5 12. Re1 Bxd3 13. Qxd3 Re8 14. Rad1 Qa5 15. a3 Qa6 16. d5 c5 17. Nb5 Bxb2 18. Nc7 Qxc4 19. Bg5 f6 20. Qxc4 Nxc4 21. Bf4 Kf7 22. a4 b6 23. Re4 Nce5 24. Nxe5+ Nxe5 25. Bg3 Rad8 26. Nxe8 Kxe8 27. f4 Nf7 28. Rde1 Rd7 29. Bf2 Nd6 30. R4e2 Bc3 31. Rc1 Bb4 32. g4 Kf7 33. Kg2 a5 34. Kf3 Ne8 35. Rd1 Nc7 36. Ke4 Ne8 37. Kf3 Nd6 38. Bg3 Ne8 39. f5 Ng7 40. fxg6+ hxg6 41. d6 e5 42. g5 Nf5 43. gxf6 Nd4+ 44. Rxd4 exd4 45. Be5 d3 46. Rg2 c4 47. Ke3 Bxd6 48. Bc3 Bc5+ 49. Ke4 Bb4 50. Be5 d2 51. Rg1 d1=Q 0-1


[Site "https://www.chess.com"]